 Dungeon Crawl Stone Soup version 0.22.0-5-gf09313c (webtiles) character file.

19261 Lew the Cleaver (level 12, -4/112 HPs)
             Began as a Gargoyle Fighter on Aug 13, 2018.
             Slain by an 11-headed hydra (7 damage)
             ... on level 12 of the Dungeon.
             The game lasted 00:57:10 (16021 turns).

Lew the Cleaver (Gargoyle Fighter)                 Turns: 16021, Time: 00:57:11

Health: -4/112     AC: 26    Str: 26    XL:     12   Next: 67%
Magic:  0/12       EV:  2    Int:  7    God:
Gold:   917        SH: 12    Dex: 14    Spells: 11/11 levels left

rFire    . . .     SeeInvis .   A - +2 war axe (chop)
rCold    . . .     Gourm    .   c - +0 shield
rNeg     + + +     Faith    .   (armour currently unavailable)
rPois    ∞         Spirit   +   (helmet currently unavailable)
rElec    .         Reflect  .   (cloak currently unavailable)
rCorr    .         Harm     .   (gloves currently unavailable)
MR       .....     NoTele   +   (boots currently unavailable)
Stlth    +.........             j - amulet of guardian spirit
HPRegen  0.28/turn              (no ring)
MPRegen  0.13/turn              J - +3 ring of dexterity

@: mighty, tree-form
A: clumsy 1, dopey 1, negative energy resistance 1, petrification resistance,
rot immunity, AC +8
a: no special abilities


You were on level 12 of the Dungeon.
You were not hungry.
You were a tree.
You visited 2 branches of the dungeon, and saw 13 of its levels.
You also visited: Bailey.

You collected 917 gold pieces.

Inventory:

Hand Weapons
 A - a +2 war axe of chopping (weapon)
Missiles
 B - 18 javelins of returning (quivered)
Armour
 a - a +0 pair of boots (melded)
 c - a +0 shield (worn)
 f - a +0 cloak (melded)
 k - a +0 plate armour
 n - a +2 ring mail of fire resistance
 q - a +2 chain mail of fire resistance (melded)
 G - a +2 pair of gloves (melded)
 I - a +0 helmet (melded)
Jewellery
 i - an uncursed ring of fire
 j - an amulet of guardian spirit (around neck)
 E - an uncursed amulet of rage
 J - a +3 ring of dexterity (right branch)
Wands
 o - a wand of digging (19)
 s - a wand of disintegration (9)
 y - a wand of polymorph (31)
Scrolls
 b - 2 scrolls of amnesia
 e - 4 scrolls of identify
 g - 2 scrolls of teleportation
 m - 2 scrolls of blinking
 r - a scroll of remove curse
 z - a scroll of holy word
 C - 2 scrolls of fog
 L - a scroll of fear
Potions
 h - 2 potions of agility
 l - 2 potions of brilliance
 p - a potion of heal wounds
 t - a potion of haste
 u - a potion of flight
 v - a potion of lignification
 w - a potion of magic
Miscellaneous
 x - a lightning rod (4/4)
 K - a lamp of fire
Comestibles
 D - 9 chunks of flesh
 F - 8 rations


   Skills:
 + Level 8.5 Fighting
 + Level 10.6 Axes
 + Level 8.6 Armour
 + Level 10.1 Dodging
 + Level 8.5 Shields


You had 11 spell levels left.
You didn't know any spells.
Your spell library contained the following spells:

 Spells                   Type           Power        Failure   Level  Hunger
 Confuse                  Hex            #.......     97%         3    ####...
 Tukima's Dance           Hex            #.......     97%         3    ####...
 Ensorcelled Hibernation  Hex/Ice        #.....       85%         2    ###....
 Corona                   Hex            #......      71%         1    ##.....
 Dazzling Spray           Conj/Hex       #.....       97%         3    ####...


Dungeon Overview and Level Annotations

Branches:
Dungeon (12/15)            Temple (1/1) D:7            Lair (0/6) D:10
    Orc (0/2) D:11

Altars:
Ashenzari
Cheibriados
Dithmenos
Elyvilon
Fedhas
Gozag
Hepliaklqana
Kikubaaqudgha
Makhleb
Nemelex Xobeh
Okawaru
Qazlal
Ru
Sif Muna
Trog
Uskayaw
Vehumet
Wu Jian
Xom
Yredelemnul
Zin
The Shining One

Shops:
D:9 *


Innate Abilities, Weirdness & Mutations

You are resistant to torment.
((Your stone body is resilient. (AC +8)))
You are immune to poison.
You resist negative energy. (rN+)
((You are resistant to electric shocks. (rElec)))
((You can survive without breathing.))
You are immune to petrification.
You are immune to rotting.
((You have very sharp teeth.))
You are clumsy. (Dex -2)
You are dopey. (Int -2)


Message History

You block the 11-headed hydra's attack.
The 11-headed hydra bites you but does no damage.
You block the 11-headed hydra's attack.
The 11-headed hydra bites you but does no damage. x2
You block the 11-headed hydra's attack.
The 11-headed hydra bites you but does no damage. x2
You block the 11-headed hydra's attack.
The 11-headed hydra bites you but does no damage. x2
The 11-headed hydra bites you!
* * * LOW HITPOINT WARNING * * *
The 11-headed hydra bites you but does no damage.
The 11-headed hydra bites you.
* * * LOW HITPOINT WARNING * * *
You block the 11-headed hydra's attack.
The 11-headed hydra bites you but does no damage.
The 11-headed hydra bites you.
* * * LOW HITPOINT WARNING * * *
The 11-headed hydra bites you but does no damage.
The 11-headed hydra bites you!
You die...

#.....##########.......#
#...).# #.##.#..# #....##
#.##.#..#
#..#.###########.##(#..#
#####....##..#.....#.##.....
#.....##.##..'....≈#..#....#
#.###.....#..'.P...#.......#
#.##.##..'....≈÷..####.#
#.##.##♣.#.....#)## #.#
#.##.##D##P≈P.≈#.# #.#
#.#...#%.#≈≈≈≈P#.. ..#
#.###.#.#.#.)+.P≈PP#### ###
#.......(.##########
##..###...## ... #.#..#
#.###....# #......#.#


You could see a 11-headed hydra.

Vanquished Creatures
  The ghost of DrakeDragon the Geomancer, a journeyman CeEE of Zin (D:10)
  Josephine (D:12)
  Harold (D:7)
  3 two-headed ogres
  An unseen horror (D:12)
  Pikel (D:4)
  An ugly thing (D:10)
  A centaur zombie (D:9)
  Maurice (D:8)
  A gargoyle (D:11)
  Grinder (D:4)
  Prince Ribbit (D:6)
  3 hippogriffs
  5 slime creatures
  2 dream sheep (D:12)
  4 wraiths
  11 yaks
  Grum (D:7)
  A steam dragon (D:11)
  3 hungry ghosts
  A two-headed ogre zombie (D:11)
  Menkaure (D:4)
  Duvessa (D:6)
  A water moccasin (D:9)
  2 hell hounds (D:10)
  7 phantoms
  2 ice beasts (D:9)
  6 orc warriors
  3 slaves (D:4)
  An eye of draining (D:10)
  4 sky beasts
  2 black bears
  5 ogres
  A necrophage (D:9)
  3 wolves
  10 centaurs
  Blork the orc (D:6)
  A gnoll sergeant (D:7)
  8 bullfrogs
  5 big kobolds
  Dowan (D:6)
  A troll zombie (D:11)
  5 scorpions
  7 killer bees
  3 crimson imps
  A howler monkey (D:11)
  2 bullfrog zombies
  2 hounds
  A quasit (D:9)
  A gnoll shaman (D:10)
  A jelly (D:9)
  5 orc priests
  A bullfrog skeleton (D:5)
  4 iguanas
  Natasha (D:3)
  Ijyb (D:4)
  8 worker ants
  10 orc wizards
  6 ogre zombies (D:11)
  2 hound skeletons
  12 gnolls
  3 worker ant zombies
  16 adders
  A shadow imp (D:5)
  7 oozes
  3 adder skeletons
  An adder zombie (D:10)
  4 worms
  2 dart slugs (D:1)
  11 leopard geckos
  54 orcs
  9 bats
  5 giant cockroaches
  8 hobgoblins
  18 jackals
  3 quokkas
  2 ball pythons
  8 frilled lizards
  11 goblins
  3 goblin skeletons (D:11)
  3 goblin zombies (D:11)
  A hobgoblin skeleton (D:11)
  2 hobgoblin zombies (D:11)
  10 kobolds
  2 leopard gecko skeletons
  An orc skeleton (D:11)
  15 orc zombies (D:11)
  5 rats
392 creatures vanquished.

Vanquished Creatures (collateral kills)
  4 orc warriors (Bailey)
  A centaur (Bailey)
  3 orcs (Bailey)
8 creatures vanquished.

Vanquished Creatures (others)
  An orc warrior (Bailey)
  A centaur (Bailey)
2 creatures vanquished.

Grand Total: 402 creatures vanquished

Notes
Turn   | Place    | Note
-------+----------+-------------------------------------------
     0 | D:1      | Lew the Gargoyle Fighter began the quest for the Orb.
     0 | D:1      | Reached XP level 1. HP: 14/14 MP: 1/1
   141 | D:1      | Reached skill level 1 in Dodging
   148 | D:1      | Reached XP level 2. HP: 19/19 MP: 2/2
   269 | D:1      | Reached XP level 3. HP: 18/23 MP: 3/3
   914 | D:2      | Reached XP level 4. HP: 28/28 MP: 4/4
  1019 | D:2      | Found a sacrificial altar of Ru.
  1237 | D:2      | Reached XP level 5. HP: 31/32 MP: 5/5
  1774 | D:3      | Reached XP level 6. HP: 24/37 MP: 6/6
  1867 | D:3      | Noticed Natasha
  1873 | D:3      | Killed Natasha
  1875 | D:3      | Reached skill level 5 in Dodging
  2206 | D:3      | Found a deep blue altar of Sif Muna.
  2238 | D:3      | Found a transporter.
  2239 | D:3      | Found a transporter.
  2256 | D:3      | Noticed a black bear
  2256 | D:3      | Found a deep blue altar of Sif Muna.
  2280 | D:3      | Killed a black bear
  3499 | D:4      | Noticed a phantom
  3536 | D:4      | Reached XP level 7. HP: 26/41 MP: 4/7
  3540 | D:4      | Found a snail-covered altar of Cheibriados.
  3921 | D:4      | Noticed Ijyb
  3949 | D:4      | Killed Ijyb
  3994 | D:4      | Noticed Menkaure
  4002 | D:4      | Killed Menkaure
  4271 | D:4      | Noticed Grinder
  4271 | D:4      | Paralysed by Grinder for 7 turns
  4333 | D:4      | Killed Grinder
  4333 | D:4      | Reached XP level 8. HP: 24/46 MP: 6/8
  4700 | D:4      | Noticed Pikel
  4727 | D:4      | Killed Pikel
  5252 | D:5      | Entered Level 5 of the Dungeon
  5480 | D:5      | Reached XP level 9. HP: 10/52 MP: 0/9
  6543 | D:6      | Noticed Blork the orc
  6579 | D:6      | Killed Blork the orc
  6580 | D:6      | Noticed Prince Ribbit
  6602 | D:6      | HP: 1/52 [Prince Ribbit (8)]
  6899 | D:6      | Killed Prince Ribbit
  7047 | D:6      | Noticed Dowan
  7048 | D:6      | Noticed Duvessa
  7079 | D:6      | Killed Duvessa
  7088 | D:6      | Killed Dowan
  7599 | D:7      | Reached skill level 5 in Fighting
  7599 | D:7      | Reached skill level 5 in Armour
  7599 | D:7      | Reached skill level 5 in Shields
  7675 | D:7      | Found a staircase to the Ecumenical Temple.
  7720 | Temple   | Entered the Ecumenical Temple
  8122 | D:7      | Reached skill level 5 in Axes
  8833 | D:8      | Noticed Harold
  8837 | D:8      | Noticed Grum
  8990 | Temple   | Gained mutation: You are clumsy. (Dex -2) [potion of mutation]
  8990 | Temple   | Gained mutation: You are dopey. (Int -2) [potion of mutation]
  8990 | Temple   | Gained mutation: You have very sharp teeth. [potion of mutation]
  9035 | D:7      | Reached XP level 10. HP: 22/59 MP: 6/10
  9299 | D:7      | Killed Harold
  9432 | D:7      | Killed Grum
 10299 | D:8      | Noticed Maurice
 10372 | D:8      | Killed Maurice
 10433 | D:9      | Found Faaloc's General Store.
 11035 | D:9      | Reached XP level 11. HP: 63/64 MP: 11/11
 11262 | D:10     | Entered Level 10 of the Dungeon
 11464 | D:10     | Found a flagged portal.
 11471 | Bailey   | Entered a bailey
 13042 | D:10     | Found a staircase to the Lair.
 13322 | D:10     | Noticed a two-headed ogre
 13332 | D:10     | Killed a two-headed ogre
 13600 | D:10     | Found a runed gate.
 13600 | D:10     | Found a runed gate.
 13600 | D:10     | Found a runed gate.
 13605 | D:10     | Noticed DrakeDragon's ghost (journeyman CeEE)
 13614 | D:10     | Identified a scroll of acquirement
 13654 | D:10     | Killed DrakeDragon's ghost
 13860 | D:10     | Noticed a red ugly thing
 13871 | D:10     | Killed a red ugly thing
 13871 | D:10     | Reached skill level 10 in Axes
 14237 | D:11     | Noticed a two-headed ogre
 14250 | D:11     | Killed a two-headed ogre
 14261 | D:11     | Reached XP level 12. HP: 61/72 MP: 10/12
 14740 | D:11     | Noticed a two-headed ogre
 14751 | D:11     | Killed a two-headed ogre
 14797 | D:11     | Found a staircase to the Orcish Mines.
 15187 | D:12     | Reached skill level 10 in Dodging
 15429 | D:12     | Noticed Josephine
 15448 | D:12     | Killed Josephine
 16006 | D:12     | Noticed a two-headed hydra
 16021 | D:12     | HP: 5/112 [11-headed hydra (8)]
 16021 | D:12     | Slain by an 11-headed hydra

Skill      XL: |  1  2  3  4  5  6  7  8  9 10 11 12 |
---------------+-------------------------------------+-----
Dodging        | 1 2 3 4 5 7 8 9 10 | 10.1
Axes           | 2 6 9 10 | 10.6
Armour         | 5 7 8 |  8.6
Shields        | 5 7 8 |  8.5
Fighting       | 5 7 8 |  8.5

Action                   |  1- 3 |  4- 6 |  7- 9 | 10-12 || total
-------------------------+-------+-------+-------+-------++-------
Melee: War axe           |   122 |   173 |   592 |   864 ||  1751
       Whip              |       |   596 |    21 |       ||   617
       Bite              |       |       |     3 |   106 ||   109
Throw: Javelin           |       |       |       |     4 ||     4
Evoke: Wand              |       |       |     2 |    36 ||    38
  Use: Scroll            |       |     6 |     8 |    22 ||    36
       Potion            |       |     4 |     5 |     6 ||    15
  Eat: Chunk             |       |     3 |     3 |     7 ||    13
       Ration            |       |     3 |     4 |     7 ||    14
Armor: Scale mail        |    10 |       |       |       ||    10
       Plate armour      |   114 |   124 |       |       ||   238
       Chain mail        |       |   400 |   456 |    83 ||   939
       Ring mail         |       |       |       |   353 ||   353
       Skin              |       |       |       |    26 ||    26
Dodge: Dodged            |    26 |   214 |   290 |   524 ||  1054
Block: Shield            |    97 |   391 |   362 |   533 ||  1383
